 Dungeon Crawl Stone Soup version 0.17-a0-1056-g838d5c0 (webtiles) character file.

1127 Hanyuu the Martial Artist (level 8, -1/49 HPs)
             Began as an Octopode Transmuter on May 16, 2015.
             Was an Initiate of Makhleb.
             Splashed by a jelly's acid (12 damage)
             ... on level 6 of the Dungeon.
             The game lasted 00:15:48 (6580 turns).

Hanyuu the Martial Artist (Octopode Transmuter)     Turns: 6580, Time: 00:15:50

Health: -1/49      AC:  1    Str:  9    XL:     8   Next: 35%
Magic:  5/12       EV: 14    Int: 17    God:    Makhleb [......]
Gold:   280        SH:  0    Dex: 18    Spells: 4 memorised, 3 levels left

rFire  x . .     SeeInvis .       - Unarmed
rCold  + . .     Clarity  .     (no shield)
rNeg   . . .     SustAb   .     (helmet restricted)
rPois  .         Gourm    .     (no amulet)
rElec  .         Spirit   .     w - ring of ice
rCorr  .         Warding  .     y - +5 ring of dexterity
rMut   .         Stasis   .     B - ring of flight
MR     .....                    (no ring)
Stlth  +++.......               (no ring)
                                (no ring)
                                (no ring)
                                (no ring)

@: lethally poisoned (-1 -> -7), very slightly contaminated, not resistant to
hostile enchantments, fairly stealthy
A: almost no armour, amphibious, 8 rings, constrict 8, camouflage 1, gelatinous
body 1
a: Renounce Religion, Evoke Flight


You were on level 6 of the Dungeon.
You worshipped Makhleb.
Makhleb was noncommittal.
You were not hungry.

You visited 1 branch of the dungeon, and saw 6 of its levels.

You collected 280 gold pieces.

Inventory:

Missiles
 a - 112 arrows
 g - 13 sling bullets
 v - 6 steel sling bullets
 x - 2 throwing nets (quivered)
 A - 17 sling bullets of frost
 F - 18 exploding sling bullets
Jewellery
 w - a ring of ice (left tentacle)
 y - a +5 ring of dexterity (right tentacle)
 B - a ring of flight (on tentacle)
 D - an uncursed ring of teleportation
Scrolls
 d - 2 scrolls of enchant armour
 f - 3 scrolls of remove curse
 h - 2 scrolls of recharging {unknown}
 j - a scroll of fear
 l - a scroll of magic mapping {unknown}
 m - 3 scrolls of fog {unknown}
 q - a scroll of random uselessness {unknown}
 t - a scroll of enchant weapon
 u - a scroll of teleportation
Potions
 e - a potion of degeneration
 i - 3 potions of flight
 k - 2 potions of curing
 p - 3 potions of agility
 r - 2 potions of mutation {unknown}
 s - a potion of haste {unknown}
 z - 3 potions of invisibility
 E - a potion of berserk rage {unknown}
Books
 b - a book of Changes

   Spells                             Type                      Level
   a - Beastly Appendage              Transmutation                1
   b - Sticks to Snakes               Transmutation                2
   c - Spider Form                    Transmutation/Poison         3
   d - Ice Form                       Ice/Transmutation            4
   e - Blade Hands                    Transmutation                5
Comestibles
 c - 5 bread rations
 n - a meat ration
 o - a slice of pizza
 C - 5 chunks of flesh


   Skills:
 + Level 1.7 Fighting
 + Level 3.5 Dodging
 * Level 8.4 Unarmed Combat
 - Level 3.0 Spellcasting
 - Level 4.0 Transmutations


You had 3 spell levels left.
You knew the following spells:

 Your Spells              Type           Power        Failure   Level  Hunger
a - Beastly Appendage     Trmt           ###...       3%          1    None
b - Sticks to Snakes      Trmt           ###.......   6%          2    ##.....
c - Spider Form           Trmt/Pois      #.........   24%         3    ###....
d - Ice Form              Ice/Trmt       ##......     82%         4    ####...


Dungeon Overview and Level Annotations

Branches:
Dungeon (6/15)             Temple (0/1) D:5

Altars:
Cheibriados
Fedhas
Makhleb
Nemelex Xobeh
Xom

Shops:
D:4 *


Innate Abilities, Weirdness & Mutations

You cannot wear most types of armour.
You are amphibious.
You can wear up to eight rings at the same time.
You can use your tentacles to constrict eight enemies at once.
Your skin changes colour to match your surroundings (Stealth).
Your rubbery body absorbs attacks (AC +1).


Message History

The iguana is heavily wounded.
You feel sick. The iguana misses you.
You hit the iguana but do no damage.
The iguana is severely wounded.
You feel sick.
You kill the iguana!
Makhleb accepts your kill.
You bite the jelly!
The jelly is poisoned.
Your front legs burn!
The jelly is heavily wounded.
You feel sick.
You hear a slurping noise.
The jelly completely misses you.
You bite the jelly!
Your front legs burn!
* * * LOW HITPOINT WARNING * * *
The jelly is almost dead.
Your transformation has ended.
The jelly hits you.
* * * LOW HITPOINT WARNING * * *
You are splashed with acid!
The acid burns!
You die...

.... #.#.# _...
#.#.# ..... #<#.#
..... #.#.#
#...$. #+###...#
...J..###.....###
#.....KK#.....#
#J#.....#
#@##.####
#(.....# ####...#
#...# #...# #...#
#..(# #...# #####


You could see a jelly and 2 kobolds.

Vanquished Creatures
  Grinder (D:4)
  A phantom (D:5)
  3 centaurs (D:5)
  A big kobold (D:6)
  2 scorpions
  A crimson imp (D:5)
  A jelly (D:5)
  An orc priest (D:4)
  A quasit (D:5)
  An iguana (D:6)
  A hound (D:4)
  3 worker ants (D:4)
  5 adders
  4 oozes
  An adder skeleton (D:4)
  5 worms
  2 giant geckos
  4 orcs (D:4)
  11 bats
  A giant cockroach (D:4)
  11 hobgoblins
  21 jackals
  6 quokkas
  3 ball pythons
  A giant gecko skeleton (D:4)
  2 giant newts
  7 goblins
  12 kobolds
  14 rats
127 creatures vanquished.

Notes
Turn   | Place    | Note
--------------------------------------------------------------
     0 | D:1      | Hanyuu the Octopode Transmuter began the quest for the Orb.
     0 | D:1      | Reached XP level 1. HP: 13/13 MP: 3/3
   609 | D:1      | Reached XP level 2. HP: 16/18 MP: 3/5
   631 | D:1      | Learned a level 2 spell: Sticks to Snakes
  1088 | D:1      | Reached skill level 4 in Unarmed Combat
  1088 | D:1      | Reached XP level 3. HP: 16/23 MP: 6/6
  1093 | D:1      | Learned a level 3 spell: Spider Form
  1953 | D:2      | Reached XP level 4. HP: 24/28 MP: 7/7
  2124 | D:2      | Reached skill level 5 in Unarmed Combat
  2337 | D:3      | Found a shimmering altar of Xom.
  3265 | D:3      | Reached XP level 5. HP: 30/33 MP: 8/8
  3687 | D:4      | Noticed Grinder
  3689 | D:4      | Paralysed by Grinder for 4 turns
  3704 | D:4      | Killed Grinder
  3704 | D:4      | Reached skill level 6 in Unarmed Combat
  3704 | D:4      | Reached XP level 6. HP: 11/38 MP: 6/9
  4031 | D:4      | Found Butso's General Store.
  4139 | D:4      | Reached XP level 7. HP: 35/43 MP: 5/10
  4312 | D:4      | Reached skill level 7 in Unarmed Combat
  4999 | D:4      | Found a sparkling altar of Nemelex Xobeh.
  5000 | D:4      | Noticed a yak
  5144 | D:5      | Entered Level 5 of the Dungeon
  5590 | D:5      | Learned a level 4 spell: Ice Form
  5612 | D:5      | HP: 2/43 [centaur/arrow (6)]
  5763 | D:5      | Found a sparkling altar of Nemelex Xobeh.
  5807 | D:5      | Reached skill level 8 in Unarmed Combat
  5807 | D:5      | Reached XP level 8. HP: 30/48 MP: 10/12
  6087 | D:5      | Found a burning altar of Makhleb.
  6092 | D:5      | Became a worshipper of Makhleb the Destroyer
  6232 | D:5      | Found a staircase to the Ecumenical Temple.
  6499 | D:5      | Found a blossoming altar of Fedhas.
  6560 | D:6      | Found a snail-covered altar of Cheibriados.
  6580 | D:6      | Splashed by a jelly's acid

Vault maps used:
D:1:      dpeg_arrival_erosion, minmay_crystal_water
D:3:      lemuel_upstairs_altar, xom_teletrap_fun, grunt_decor_one_mirror
D:4:      first_bread, serial_shops, nicolae_shop_stone,
          grunt_nemelex_the_gamble, uniq_grinder
D:5:      fedhas_altar_1, lemuel_crystal_altar, overflow_temple_1_default,
          minmay_temple_entry_grid, serial_curves, eino_curves_02,
          eino_curves_01
D:6:      nicolae_whirlpool, kennysheep_little_box,
          yredelemnul_forgotten_temple_becter, bloody_trog, basic_altar,
          minmay_lizard_king

Action                   |  1- 3 |  4- 6 |  7- 9 || total
-------------------------+-------+-------+-------++-------
Melee: Unarmed           |    99 |   116 |   102 ||   317
 Cast: Beastly Appendage |     8 |     8 |     2 ||    18
       Spider Form       |       |     4 |     8 ||    12
 Abil: End Transformatio |       |       |     2 ||     2
  Use: Scroll            |     2 |     9 |     1 ||    12
       Potion            |       |       |     2 ||     2
 Stab: Sleeping          |     5 |     5 |     2 ||    12
       Invisible         |       |       |     2 ||     2
       Distracted        |       |       |     1 ||     1
  Eat: Chunk             |     3 |     8 |     9 ||    20
